 Dungeon Crawl Stone Soup version 0.29.1-12-g30fa7ad0bf (webtiles) character file.

Game seed: 16396723083036582667

13027 wormed the Basher (level 12, -2/69 HPs)
             Began as a Gargoyle Fighter on Dec 21, 2022.
             Was a Priest of the Shining One.
             Killed from afar by a deep elf pyromancer (31 damage)
             ... with a bolt of fire
             ... on level 13 of the Dungeon.
             The game lasted 00:29:55 (14521 turns).

wormed the Basher (Gargoyle Fighter)               Turns: 14521, Time: 00:29:56

Health: -2/69      AC: 28    Str: 25    XL:     12   Next: 1%
Magic:  12/12      EV:  7    Int:  9    God:    the Shining One [***...]
Gold:   543        SH:  6    Dex:  9    Spells: 11/11 levels left

rFire   . . .      SeeInvis .   I - +1 morningstar (vorpal)
rCold   + . .      Faith    .   c - +0 buckler
rNeg    + + .      Spirit   .   w - +0 plate armour
rPois   ∞          Reflect  .   H - +1 hat
rElec   +          Harm     .   F - +1 cloak
rCorr   .          Rampage  .   (no gloves)
Will    +....                   (no boots)
Stlth   ..........              (no amulet)
HPRegen 0.21/turn               s - ring of protection from cold
MPRegen 0.13/turn               l - ring of willpower

@: glowing, studying Throwing
A: sickness immunity, AC +8, negative energy resistance 1, electricity
resistance, torment resistance 1, petrification resistance, talons 1, iridescent
scales 1, frail 1
a: Renounce Religion, Divine Shield, Cleansing Flame


You were on level 13 of the Dungeon.
You worshipped the Shining One.
The Shining One was most pleased with you.
You visited 3 branches of the dungeon, and saw 14 of its levels.

You collected 729 gold pieces.
You spent 186 gold pieces at shops.

Inventory:

Hand Weapons
 I - a +1 vorpal morningstar (weapon)
Missiles
 r - a throwing net (quivered)
Armour
 c - a +0 buckler (worn)
 w - a +0 plate armour (worn)
 F - a +1 cloak (worn)
 H - a +1 hat (worn)
Jewellery
 f - a ring of magical power
 l - a ring of willpower (right hand)
 s - a ring of protection from cold (left hand)
Wands
 g - a wand of roots (4)
 p - a wand of mindburst (6)
 B - a wand of charming (19)
Scrolls
 b - a scroll of silence {unknown}
 h - a scroll of summoning
 i - 2 scrolls of teleportation {unknown}
 j - 2 scrolls of amnesia {unknown}
 k - 2 scrolls of enchant weapon {unknown}
 m - a scroll of vulnerability
 o - a scroll of brand weapon {unknown}
 t - 2 scrolls of magic mapping
 v - a scroll of enchant armour
 y - 2 scrolls of blinking
 z - a scroll of identify
 A - a scroll of fear
 E - a scroll of acquirement {unknown}
 J - a scroll of fog {unknown}
Potions
 a - a potion of resistance {unknown}
 d - 3 potions of might
 e - a potion of lignification
 n - 4 potions of curing
 q - 4 potions of ambrosia
 u - 7 potions of flight
 x - a potion of brilliance
 C - a potion of degeneration
 D - a potion of invisibility {unknown}
 G - a potion of berserk rage {unknown}


   Skills:
 + Level 10.1 Fighting
 - Level 12.0 Maces & Flails
 + Level 10.0 Armour
 + Level 10.1 Shields


You had 11 spell levels left.
You didn't know any spells.
Your spell library contained the following spells:

 Spells                   Type           Power      Damage    Failure   Level
 Apportation              Tloc           0%         N/A       99%         1
 Necrotise                Necr           0%         1d4       99%         1
 Sting                    Tmut/Pois      0%         1d3       99%         1
 Summon Small Mammal      Summ           0%         N/A       99%         1
 Poisonous Vapours        Pois/Air       0%         N/A       100%        2
 Hailstorm                Conj/Ice       0%         3d3       100%        4
 Ice Form                 Ice/Tmut       0%         N/A       100%        4
 Olgreb's Toxic Radiance  Pois           0%         N/A       100%        4
 Petrify                  Tmut/Erth      0%         N/A       100%        4
 Irradiate                Conj/Tmut      0%         3d11      100%        5
 Simulacrum               Ice/Necr       0%         N/A       100%        6
 Sublimation of Blood     Necr           Unusable   N/A       N/A         2

Dungeon Overview and Level Annotations

Branches:
Dungeon (11/15)            Temple (1/1) D:6            Lair (0/5) D:11
    Orc (1/2) D:9

Altars:
Ashenzari
Cheibriados
Dithmenos
Elyvilon
Fedhas
Kikubaaqudgha
Makhleb
Okawaru
Qazlal
Ru
Trog
Uskayaw
Vehumet
Wu Jian
Yredelemnul
Zin
The Shining One

Shops:
D:4 !   D:9 [

Annotations:
D:10 3 runed translucent doors, Coaxmetal's ghost, novice GrEE; fleeber's ghost, novice GrEE; llahlahkje's ghost, novice DsFi


Innate Abilities, Weirdness & Mutations

You are immune to sickness and miasma.
Your stone body is resilient. (AC +8)
You are immune to poison.
You resist negative energy. (rN+)
You are resistant to electric shocks. (rElec)
You are resistant to unholy torment.
You are immune to petrification.
You have sharp toenails.
You are partially covered in iridescent scales. (AC +2)
You are frail. (-10% HP)


Message History

HP restored.
You pick up a Young Poisoner's Handbook and begin reading...
You add the spells Sting, Poisonous Vapours and Olgreb's Toxic Radiance to your library.
A deep elf pyromancer comes into view. It is wielding a +0 rapier.
The deep elf pyromancer shouts!
The deep elf pyromancer mumbles some strange words.
A cyclops comes into view.
The cyclops throws a large rock.
The large rock hits you!!!
Ouch! That really hurt!
You hit the cyclops. You claw the cyclops, but do no damage.
The cyclops is lightly wounded.
The cyclops hits you but does no damage.
You puncture the cyclops!
The cyclops is heavily wounded.
The cyclops hits you.
You puncture the cyclops! You claw the cyclops.
The cyclops is severely wounded.
The cyclops hits you but does no damage.
You puncture the cyclops!
You kill the cyclops!
Your Armour skill increases to level 10!
You have reached level 12!
You feel clever.
You barely miss the deep elf pyromancer.
The deep elf pyromancer casts a spell.
The deep elf pyromancer blinks!
The deep elf pyromancer casts a spell.
The deep elf pyromancer blinks!
You see here 5 large rocks.
The deep elf pyromancer closely misses you.
You puncture the deep elf pyromancer!
Your kick misses the deep elf pyromancer.
The deep elf pyromancer is heavily wounded.
The deep elf pyromancer hits you but does no damage.
You barely miss the deep elf pyromancer.
You claw the deep elf pyromancer, but do no damage.
The deep elf pyromancer is heavily wounded.
The deep elf pyromancer casts a spell at you.
The bolt of fire hits you!!
You die...

..###~..~###...#
.e.............#
...#####.#####.#
#.......#
#.####### #.#
#.#
##############.#
.....§.(@e.....#
################


You could see a deep elf pyromancer.

Vanquished Creatures
  Harold (D:9)
  4 two-headed ogres
  A manticore (D:13)
  A cyclops (D:13)
  An unseen horror (D:11)
  A kobold demonologist (D:10)
  2 trolls
  A hornet (D:10)
  A water elemental (D:13)
  A vampire (D:9)
  15 yaks
  A wyvern (D:9)
  Grum (D:10)
  3 vampire mosquitoes (D:8)
  An acid dragon (D:11)
  A water moccasin (D:8)
  3 orc warriors
  4 sky beasts
  3 black bears
  6 ogres
  4 wolves (D:10)
  4 centaurs
  A phantom (D:5)
  3 kobold brigands
  3 bullfrogs
  3 scorpions
  A necrophage (D:6)
  A gnoll sergeant (D:9)
  9 wights
  11 killer bees
  7 howler monkeys
  A jelly (D:5)
  A hound (D:4)
  3 orc priests
  3 iguanas
  11 orc wizards
  3 gnolls (D:9)
  8 adders
  4 white imps
  A worm (D:10)
  2 dart slugs
  38 orcs
  5 endoplasms
  10 giant cockroaches
  7 goblins
  11 hobgoblins
  9 jackals
  6 quokkas
  10 ball pythons
  7 bats
  4 frilled lizards
  30 kobolds
  7 rats
280 creatures vanquished.

Notes
Turn   | Place    | Note
-------+----------+-------------------------------------------
     0 | D:1      | wormed the Gargoyle Fighter began the quest for the Orb.
     0 | D:1      | Reached XP level 1. HP: 14/14 MP: 1/1
   374 | D:1      | Reached XP level 2. HP: 17/19 MP: 2/2
   859 | D:1      | Reached XP level 3. HP: 19/23 MP: 3/3
  1376 | D:2      | Found an iron altar of Okawaru.
  1640 | D:2      | Reached skill level 3 in Maces & Flails
  1733 | D:2      | Reached XP level 4. HP: 29/29 MP: 4/4
  2183 | D:2      | Found a faded altar of an unknown god.
  2703 | D:3      | Noticed a black bear
  2708 | D:3      | Killed a black bear
  2709 | D:3      | Reached XP level 5. HP: 22/33 MP: 5/5
  3816 | D:4      | Reached skill level 4 in Maces & Flails
  3960 | D:4      | Reached XP level 6. HP: 39/39 MP: 6/6
  4009 | D:4      | Found an ancient bone altar of Kikubaaqudgha.
  4011 | D:4      | Found a blossoming altar of Fedhas.
  4129 | D:4      | Found Noypyept's Distillery.
  4346 | D:5      | Entered Level 5 of the Dungeon
  4643 | D:5      | Found a sacrificial altar of Ru.
  4661 | D:5      | Reached XP level 7. HP: 42/44 MP: 7/7
  4675 | D:5      | Reached skill level 5 in Maces & Flails
  4947 | D:4      | Gained mutation: You have sharp toenails. [potion of
                  | mutation]
  4947 | D:4      | Gained mutation: You are frail. (-10% HP) [potion of
                  | mutation]
  4947 | D:4      | Gained mutation: You are partially covered in iridescent
                  | scales. (AC +2) [potion of mutation]
  4959 | D:5      | Reached skill level 5 in Fighting
  4959 | D:5      | Reached skill level 5 in Armour
  4959 | D:5      | Reached skill level 5 in Shields
  5309 | D:5      | Found a hide-covered altar of Uskayaw.
  5353 | D:5      | Reached XP level 8. HP: 8/45 MP: 8/8
  5617 | D:5      | Found a radiant altar of Vehumet.
  5713 | D:5      | Reached skill level 6 in Maces & Flails
  6157 | D:6      | Found a staircase to the Ecumenical Temple.
  6187 | Temple   | Entered the Ecumenical Temple
  6196 | Temple   | Became a worshipper of the Shining One
  6779 | D:6      | Found a basalt altar of Yredelemnul.
  7117 | D:6      | Found an iron altar of Okawaru.
  7157 | D:7      | Found an ornate altar of the Wu Jian Council.
  7294 | D:7      | Reached skill level 7 in Maces & Flails
  7574 | D:7      | Reached XP level 9. HP: 50/50 MP: 9/9
  7698 | D:7      | Reached * piety under the Shining One
  8240 | D:8      | Reached skill level 8 in Maces & Flails
  9193 | D:8      | Reached skill level 9 in Maces & Flails
  9193 | D:8      | Reached XP level 10. HP: 56/56 MP: 10/10
  9281 | D:8      | Reached ** piety under the Shining One
  9399 | D:8      | Noticed a two-headed ogre
  9695 | D:8      | Killed a two-headed ogre
 10155 | D:8      | Found a burning altar of Makhleb.
 10771 | D:9      | Noticed a two-headed ogre
 10786 | D:9      | Killed a two-headed ogre
 10787 | D:9      | Reached skill level 10 in Maces & Flails
 11049 | D:9      | Found Ipautaf's Armour Shoppe.
 11051 | D:9      | Found a staircase to the Orcish Mines.
 11080 | D:9      | Bought a +0 cloak for 54 gold pieces
 11080 | D:9      | Bought a +1 hat for 132 gold pieces
 11093 | Orc:1    | Entered Level 1 of the Orcish Mines
 11093 | Orc:1    | Noticed an orc high priest
 11676 | D:9      | Reached XP level 11. HP: 29/62 MP: 11/11
 11946 | D:9      | Found a stormy altar of Qazlal.
 12079 | D:9      | Noticed Harold
 12090 | D:9      | Killed Harold
 12441 | D:10     | Entered Level 10 of the Dungeon
 12463 | D:10     | Noticed a two-headed ogre
 12469 | D:10     | Killed a two-headed ogre
 12470 | D:10     | Reached skill level 11 in Maces & Flails
 12728 | D:10     | Found a runed translucent gate.
 12728 | D:10     | Found a runed translucent gate.
 12732 | D:10     | Found a runed translucent gate.
 12734 | D:10     | Noticed fleeber's ghost (novice GrEE)
 12734 | D:10     | Noticed llahlahkje's ghost (novice DsFi)
 12734 | D:10     | Noticed Coaxmetal's ghost (novice GrEE)
 12736 | D:10     | Found the +5 sword of Power {vorpal}
 12822 | D:10     | Noticed Grum
 12824 | D:10     | Reached *** piety under the Shining One
 12849 | D:10     | Killed Grum
 13124 | D:10     | Found a snail-covered altar of Cheibriados.
 13181 | D:10     | Found a glowing silver altar of Zin.
 13928 | D:11     | Found a staircase to the Lair.
 14008 | D:11     | Noticed a two-headed ogre
 14018 | D:11     | Killed a two-headed ogre
 14023 | D:11     | Reached skill level 12 in Maces & Flails
 14300 | D:11     | You fall into a shaft and drop 2 floors!
 14379 | D:13     | Noticed a manticore
 14386 | D:13     | Killed a manticore
 14390 | D:13     | Reached skill level 10 in Fighting
 14390 | D:13     | Reached skill level 10 in Shields
 14498 | D:13     | Noticed a deep elf pyromancer
 14507 | D:13     | Noticed a cyclops
 14516 | D:13     | Killed a cyclops
 14517 | D:13     | Reached skill level 10 in Armour
 14517 | D:13     | Reached XP level 12. HP: 28/69 MP: 12/12
 14521 | D:13     | Killed from afar by a deep elf pyromancer

Illustrated notes

Levels and vault maps discovered:
D:1:      giann_wishing_wells, layout_basic, minmay_misc_feat_five
D:2:      minmay_recursive_quarters, layout_loops_ring,
          shapermc_ecumenical_altar_mp_vishouse, basic_altar, solitary_fountain,
          minmay_puff
D:3:      layout_loops_ring, serial_rivers, chequers_serial_rivers_small_b,
          chequers_serial_rivers_micro_e, chequers_serial_rivers_marsh,
          chequers_serial_rivers_micro_b, chequers_serial_rivers_micro_b,
          chequers_serial_rivers_room_b, kennysheep_path_1,
          minmay_fractal_squares_gapless_5
D:4:      layout_basic, grunt_temple_overflow_growth_and_decay, serial_shops,
          nicolae_shop_stone
D:5:      layout_cave_pools, kennysheep_little_box,
          nicolae_overflow_hidden_temple, old_standard_altar
D:6:      layout_gridville, mainiacjoe_overflow_alcove_2, kennysheep_mini,
          minmay_temple_entry_stoned_glass, gup_sewer_entry_pipe,
          minmay_manual_mess
D:7:      layout_basic, mainiacjoe_overflow_cross_hatched
D:8:      layout_basic, bloody_makhleb, mrwooster_statue_mirror,
          minmay_misc_feat_iff
D:9:      layout_small_grid, mainiacjoe_overflow_tiny_flanked, orc_david_3,
          uniq_harold
D:10:     layout_roguey, nicolae_overflow_crystal_walls, slow_altar_1,
          gammafunk_ghost_cemetery, chequers_serial_rivers_micro_e,
          minivault_26, uniq_grum
D:11:     layout_loops_corners, lair_entry_dummy, portal_ice_cave_rime
D:13:     layout_basic, hangedman_vaults_entry_quadrant_bands, fountainhead
Temple:   nicolae_temple_two_arcs
Orc:1:    layout_diamond_mine, basic_altar, uniq_maurice

Skill      XL: |  1  2  3  4  5  6  7  8  9 10 11 |
---------------+----------------------------------+-----
Maces & Flails | 3 4 5 7 9 10 12 | 12.0
Fighting       | 4 5 6 7 8 10 | 10.1
Armour         | 4 5 6 7 8 10 | 10.0
Shields        | 4 5 6 7 8 10 | 10.1

Action                   |  1- 3 |  4- 6 |  7- 9 | 10-12 || total
-------------------------+-------+-------+-------+-------++-------
Melee: Flail             |   146 |   202 |   304 |    22 ||   674
       Kick              |       |       |    83 |   119 ||   202
       Morningstar       |       |       |       |   251 ||   251
       Whip              |       |       |       |    50 ||    50
Evoke: Wand              |       |       |       |     2 ||     2
  Use: Scroll            |       |     3 |     4 |    10 ||    17
       Potion            |       |       |     2 |     3 ||     5
Armor: Scale mail        |   103 |    69 |       |       ||   172
       Plate armour      |       |    66 |   214 |   244 ||   524
Dodge: Dodged            |    85 |    84 |    93 |   130 ||   392
Block: Buckler           |    42 |    58 |    84 |   108 ||   292
